 Dungeon Crawl Stone Soup version 0.26.1-11-gd32895ea62 (webtiles) character file.

Game seed: 7319309484547331046

5892 Zalitodcss the Cleaver (level 10, 0/91 HPs)
             Began as a Minotaur Berserker on July 17, 2021.
             Was a High Priest of Trog.
             Slain by a yak (9 damage)
             ... on level 9 of the Dungeon.
             The game lasted 00:26:11 (8980 turns).

Zalitodcss the Cleaver (Minotaur Berserker)         Turns: 8980, Time: 00:26:11

Health: 0/91       AC: 13    Str: 25    XL:     10   Next: 53%
Magic:  9/9        EV: 12    Int:  4    God:    Trog [*****.]
Gold:   640        SH:  0    Dex: 10    Spells: 9/9 levels left

rFire    + . .     SeeInvis .   q - +0 broad axe
rCold    . . .     Faith    .   (no shield)
rNeg     . . .     Spirit   .   e - +0 chain mail {rPois}
rPois    +         Reflect  .   (helmet restricted)
rElec    .         Harm     .   (no cloak)
rCorr    .         Rampage  .   (no gloves)
Will     ++...                  y - +1 pair of boots
Stlth    ..........             (no amulet)
HPRegen  1.25/turn              m - ring of protection from fire
MPRegen  0.11/turn              i - ring of poison resistance

@: berserk cooldown, regenerating, slowed, studying Bows, very slow
A: retaliatory headbutt, horns 2
a: Renounce Religion, Berserk, Trog's Hand, Brothers in Arms


You were on level 9 of the Dungeon.
You worshipped Trog.
Trog was extremely pleased with you.
You visited 1 branch of the dungeon, and saw 9 of its levels.
You also visited: Sewer.

You collected 640 gold pieces.

Inventory:

Hand Weapons
 q - a +0 broad axe (weapon)
 s - a +0 mace of protection
 w - a +0 arbalest
Missiles
 k - 81 bolts
Armour
 e - a +0 chain mail of poison resistance (worn)
 y - a +1 pair of boots (worn)
Jewellery
 i - a ring of poison resistance (right hand)
 m - a ring of protection from fire (left hand)
Wands
 c - a wand of disintegration (14)
 o - a wand of iceblast (10)
 r - a wand of flame (25)
 t - a wand of polymorph (12)
 z - a wand of enslavement (7)
Scrolls
 a - 2 scrolls of teleportation
 f - 5 scrolls of remove curse
 n - a scroll of identify
 A - 2 scrolls of magic mapping
 B - a scroll of blinking
Potions
 b - 2 potions of resistance
 d - 3 potions of flight
 g - 2 potions of heal wounds
 h - a potion of lignification
 j - 3 potions of might
 l - 4 potions of curing
 u - a potion of berserk rage
 x - a potion of invisibility {unknown}
Books
 p - a manual of Bows


   Skills:
 + Level 9.4 Fighting
 * Level 9.5(10.2) Axes
 - Level 5.2(8.1) Maces & Flails
 - Level 2.1(6.4) Polearms
 - Level 4.4 Crossbows
 + Level 9.0 Armour
 + Level 8.1 Dodging


You had 9 spell levels left.
You didn't know any spells.
Your spell library was empty.

Dungeon Overview and Level Annotations

Branches:
Dungeon (9/15)             Temple (0/1) D:5           Sewer (visited)
   Lair: D:8-11         Orc: D:9-12

Altars:
Fedhas
Hepliaklqana
Vehumet

Shops:
D:7 ?

Annotations:
D:8 4 runed translucent doors


Innate Abilities, Weirdness & Mutations

You reflexively headbutt those who attack you in melee.
You have a pair of horns on your head.


Message History

The yak gores you but does no damage.
You hit the yak.
The yak is severely wounded.
The yak gores you but does no damage. x2
You slash the yak!
The yak is almost dead.
Your skin stops crawling.
You feel less strong-willed. The yak gores you.
* * * LOW HITPOINT WARNING * * *
The yak gores you!
* * * LOW HITPOINT WARNING * * *
You hit the yak.
You kill the yak!
Trog accepts your kill. The yak gores you but does no damage.
Your Armour skill increases to level 9!
Your skin crawls.
You feel strong-willed. The yak gores you!
You die...

#..............#
#......####.#..#
#.._..#.....<..#
#..........#...#
#...)..........# #######
#.#............#
.......##.##......##.....
!≈.....#.Y#####.#..#...##.
≈≈≈....?YYYY@...#..#.#.#
≈≈≈≈.?...########.##.#.#
≈≈≈≈....## ... .
≈≈≈.....### ## ≈≈≈.YYY.(.#
.≈.....)(.# .≈..Y...(.#
.≈Y.....(†## '''####.)..#


You could see 5 yaks.

Vanquished Creatures
  Harold (D:9)
  The ghost of Descartes the Ruffian, a novice TrCK of Xom (D:5)
  Joseph (D:8)
  Prince Ribbit (D:6)
  6 yaks (D:9)
  Grum (D:8)
  A water moccasin (Sewer)
  An orc warrior (D:8)
  An ice beast (D:7)
  4 sky beasts
  2 black bears
  2 phantoms (D:7)
  2 wolves (D:8)
  2 ogres (D:9)
  2 centaurs (D:5)
  2 big kobolds
  A gnoll sergeant (D:6)
  4 bullfrogs
  3 scorpions
  2 howler monkeys
  2 electric eels (D:8)
  A centaur zombie (D:9)
  5 hounds
  4 jellies
  3 orc priests
  2 bullfrog skeletons
  3 orc wizards
  An iguana (D:6)
  4 worker ants
  A statue (D:7)
  A killer bee zombie (D:7)
  Robin (D:3)
  7 gnolls
  7 adders
  3 shadow imps
  4 white imps
  An adder zombie (D:7)
  2 adder skeletons
  A worm (D:4)
  A dart slug (D:3)
  8 leopard geckos
  19 orcs
  13 bats
  9 giant cockroaches
  11 goblins
  8 hobgoblins
  16 jackals
  A quokka (D:3)
  3 ball pythons
  9 frilled lizards
  A jackal skeleton (D:4)
  18 kobolds
  A leopard gecko zombie (D:6)
  10 rats
221 creatures vanquished.

Vanquished Creatures (others)
  11 plants
11 creatures vanquished.

Grand Total: 232 creatures vanquished

Notes
Turn   | Place    | Note
-------+----------+-------------------------------------------
     0 | D:1      | Zalitodcss the Minotaur Berserker began the quest for the
                  | Orb.
     0 | D:1      | Reached XP level 1. HP: 19/19 MP: 0/0
   302 | D:1      | Reached XP level 2. HP: 27/27 MP: 1/1
   704 | D:2      | Reached ** piety under Trog
   775 | D:2      | Reached XP level 3. HP: 33/33 MP: 2/2
   961 | D:2      | Reached skill level 1 in Polearms
  1619 | D:3      | Reached XP level 4. HP: 36/40 MP: 3/3
  1975 | D:3      | Reached *** piety under Trog
  2057 | D:3      | Noticed Robin
  2073 | D:3      | Killed Robin
  2074 | D:3      | Reached XP level 5. HP: 29/47 MP: 4/4
  2702 | D:4      | Reached skill level 1 in Maces & Flails
  2789 | D:4      | Reached skill level 5 in Fighting
  3838 | D:5      | Entered Level 5 of the Dungeon
  3840 | D:5      | Reached XP level 6. HP: 56/56 MP: 5/5
  3856 | D:5      | Reached skill level 1 in Crossbows
  4175 | D:5      | Noticed Descartes's ghost (novice TrCK)
  4182 | D:5      | Found a runed translucent gate.
  4182 | D:5      | Found a runed translucent gate.
  4182 | D:5      | Found a runed translucent gate.
  4222 | D:5      | Killed Descartes's ghost
  4223 | D:5      | Reached skill level 5 in Armour
  4223 | D:5      | Reached XP level 7. HP: 29/63 MP: 6/6
  4464 | D:5      | Found a glowing drain.
  4472 | Sewer    | Entered a sewer
  4477 | Sewer    | Reached **** piety under Trog
  4511 | Sewer    | Reached skill level 5 in Dodging
  4707 | D:5      | Lost intelligence.
  4848 | D:5      | Reached XP level 8. HP: 30/71 MP: 7/7
  5184 | D:5      | Found a staircase to the Ecumenical Temple.
  5595 | D:6      | Found a blossoming altar of Fedhas.
  5807 | D:6      | Noticed Prince Ribbit
  5855 | D:6      | Killed Prince Ribbit
  5856 | D:6      | Reached skill level 5 in Maces & Flails
  6665 | D:7      | Reached XP level 9. HP: 78/79 MP: 8/8
  6728 | D:7      | Reached skill level 5 in Axes
  7073 | D:7      | Found a radiant altar of Vehumet.
  7335 | D:7      | Found Meirph's Magic Scroll Emporium.
  7855 | D:8      | Noticed Joseph
  7877 | D:8      | Killed Joseph
  8318 | D:8      | Found a huge runed translucent gate.
  8318 | D:8      | Noticed a polar bear
  8318 | D:8      | Noticed a polar bear
  8318 | D:8      | Noticed a polar bear
  8319 | D:8      | Found a huge runed translucent gate.
  8319 | D:8      | Found a huge runed translucent gate.
  8319 | D:8      | Found a huge runed translucent gate.
  8319 | D:8      | Noticed a polar bear
  8319 | D:8      | Noticed a polar bear
  8319 | D:8      | Noticed a polar bear
  8319 | D:8      | Noticed a death yak
  8320 | D:8      | Noticed a manticore
  8486 | D:8      | Noticed Grum
  8494 | D:8      | Killed Grum
  8633 | D:9      | Found a hazy altar of Hepliaklqana.
  8810 | D:9      | Noticed Harold
  8815 | D:9      | Reached XP level 10. HP: 74/90 MP: 9/9
  8826 | D:9      | Killed Harold
  8885 | D:9      | Reached ***** piety under Trog
  8980 | D:9      | Slain by a yak

Illustrated notes

Levels and vault maps discovered:
D:1:      dpeg_arrival_rooms_with_view, layout_rooms
D:2:      layout_basic, st_stairs_5
D:3:      layout_rooms, uniq_robin
D:4:      layout_layer_cave, hangedman_feature_mirror
D:5:      layout_basic, minmay_temple_entry_gardened_gates,
          gup_sewer_entry_pipe, gammafunk_ghost_split, minmay_manual_mess
D:6:      layout_cave_pools, fedhas_ov_isle_minmay, nicolae_zen_rock_garden,
          uniq_prince_ribbit1
D:7:      layout_rooms, vehumet_statue, serial_shops, nicolae_shop_behind_doors
D:8:      lemuel_bear_cage, layout_basic, uniq_grum, uniq_joseph
D:9:      argonaut_augean_stables, layout_basic, cheibrodos_ashenzari_chains,
          overflow_temple_1_default, basic_altar, ebering_ghost_funeral_grove,
          uniq_harold

Skill      XL: |  1  2  3  4  5  6  7  8  9 10 |
---------------+-------------------------------+-----
Fighting       | 4 5 6 7 8 9 |  9.4
Armour         | 3 4 5 6 8 9 |  9.0
Polearms       | 1 2 |  2.1
Dodging        | 3 4 5 6 7 8 |  8.1
Maces & Flails | 2 3 4 5 |  5.2
Crossbows      | 2 3 4 |  4.4
Axes           | 4 8 9 |  9.5

Action                   |  1- 3 |  4- 6 |  7- 9 | 10-12 || total
-------------------------+-------+-------+-------+-------++-------
Melee: Hand axe          |    14 |       |       |       ||    14
       Spear             |    86 |    51 |       |       ||   137
       Headbutt          |     9 |    18 |    41 |    11 ||    79
       Mace              |       |    89 |     2 |       ||    91
       Broad axe         |       |       |   225 |    77 ||   302
 Fire: Arbalest          |       |    19 |    18 |       ||    37
Invok: Berserk           |       |     3 |     4 |     1 ||     8
       Trog's Hand       |       |       |     1 |     3 ||     4
  Use: Scroll            |     7 |     2 |    11 |       ||    20
 Stab: Distracted        |       |       |     2 |       ||     2
Armor: Ring mail         |    28 |       |       |       ||    28
       Chain mail        |     5 |   100 |    36 |    45 ||   186
       Plate armour      |       |       |   148 |       ||   148
Dodge: Dodged            |    57 |    81 |   156 |    41 ||   335
